 Dungeon Crawl Stone Soup version 0.31.0-9-g3a7656b989 (webtiles) character file.

Game seed: 8461763338313010489

267 qw the Shooter (level 6, -14/30 HPs)
             Began as a Spriggan Hunter on Feb 2, 2024.
             Killed from afar by Dowan (16 damage)
             ... with a shard of ice
             ... on level 3 of the Dungeon.
             The game lasted 00:00:11 (2587 turns).

qw the Shooter (Spriggan Hunter)                    Turns: 2587, Time: 00:00:11

Health: -14/30     AC:  2    Str:  7    XL:     6   Next: 0%
Magic:  7/7        EV: 20    Int: 10    God:
Gold:   105        SH:  0    Dex: 21    Spells: 5/5 levels left

rFire   . . .        a - +1 shortbow
rCold   . . .        (shield currently unavailable)
rNeg    . . .        c - +0 robe
rPois   .            (helmet restricted)
rElec   .            (no cloak)
rCorr   .            (gloves unavailable)
SInv    +            (boots unavailable)
Will    +....        (no amulet)
Stlth   ++           (no ring)
HPRegen 0.25/turn    (no ring)
MPRegen 0.10/turn

%: no passive effects
@: very quick
A: very small, no large weapons, unfitting armour, see invisible, speed 3
a: no special abilities


You were on level 3 of the Dungeon.
You visited 1 branch of the dungeon, and saw 4 of its levels.

You collected 105 gold pieces.


Innate Abilities, Weirdness & Mutations

You are very small and have problems with some larger weapons.
You are too small for most types of armour.
You have supernaturally acute eyesight. (SInv)
You cover ground extremely quickly. (Speed+++)


   Skills:
 - Level 2.0 Fighting
 - Level 6.3 Ranged Weapons
 + Level 5.0 Dodging
 - Level 1.5 Stealth


You had 5 spell levels left.
You didn't know any spells.
Your spell library was empty.

Inventory:

Hand Weapons
 a - a +1 shortbow (weapon)
Armour
 c - a +0 robe (worn)
Scrolls
 e - a scroll of enchant armour
Potions
 d - 2 potions of might
 g - a potion of curing
 j - a potion of haste {unknown}

Dungeon Overview and Level Annotations

Branches:
Dungeon (4/15)
 Temple: D:4-7

Altars:
Ashenzari

Annotations:
D:3 Dowan


Message History

Duvessa barely misses you. Dowan barely misses you.
You shoot an arrow. The arrow hits Duvessa.
Duvessa is heavily wounded.
Duvessa misses you.
Dowan points at you and mumbles some strange words.
The puff of frost misses you.
You shoot an arrow. The arrow hits Duvessa!
Duvessa is severely wounded.
Duvessa barely misses you.
Dowan mumbles some strange words.
Dowan blinks!
You shoot an arrow. The arrow hits Duvessa!
You kill Duvessa!
Dowan screams, "No!
No!"
Dowan seems to find hidden reserves of power!
Your Ranged Weapons skill increases to level 6!
You have reached level 6!
You shoot an arrow. The arrow misses Dowan.
Dowan gestures wildly while chanting.
Dowan blinks!
Dowan hits you with a +0 dagger.
You shoot an arrow. The arrow closely misses Dowan.
Dowan casts a spell at you. The shard of ice misses you.
Dowan hits you with a +0 dagger.
You shoot an arrow. The arrow completely misses Dowan.
Dowan hits you with a +0 dagger.
You shoot an arrow. The arrow closely misses Dowan.
Dowan closely misses you. Dowan hits you with a +0 dagger.
You shoot an arrow. The arrow hits Dowan!
Dowan is heavily wounded.
Dowan hits you with a +0 dagger. Dowan misses you.
You shoot an arrow. The arrow hits Dowan!
Dowan is almost dead.
Dowan completely misses you.
You shoot an arrow. The arrow hits Dowan.
Dowan is almost dead.
Dowan hits you with a +0 dagger.
Dowan points at you and mumbles some strange words.
The shard of ice hits you!
Ouch! That really hurt!
You die...

##.#.##.'...[..........##...####.
...#.####........##.......### #.
##.#.# #..########.......# #.
..##.# ##....# #.......# #.
.....# ##...# #.......# ##
..#########...### ####...## ..#
#...#....(####......# ..#
#...#...#$e#...(....# ###
#...#...##@..#......#
#...#...##.###......#
#...#...##.# ######## ####
#...#...##.# ...####...######.#
######## ...##..........#.#
#.......
...##.########.#.#########.......
...##.# #.#.#......##.......
#####.# #.#.#.####.##.......


You could see Dowan (fast).

Vanquished Creatures
  Duvessa (D:3)
  A hound (D:3)
  An orc wizard (D:2)
  2 adders (D:2)
  3 dart slugs
  A ribbon worm (D:2)
  5 orcs
  4 endoplasms
  3 giant cockroaches (D:1)
  4 goblins
  10 hobgoblins
  5 jackals
  2 quokkas (D:2)
  7 ball pythons
  4 bats
  3 frilled lizards
  17 kobolds
  9 rats
82 creatures vanquished.

Notes
Turn   | Place    | Note
-------+----------+-------------------------------------------
     0 | D:1      | qw the Spriggan Hunter began the quest for the Orb.
     0 | D:1      | Reached XP level 1. HP: 10/10 MP: 2/2
     0 | D:1      | 0 ||| qw: Version: 0.3-a-155-g5e7d8dd
     0 | D:1      | 0 ||| qw: Game counter: 968
     0 | D:1      | 0 ||| qw: Melee chars always use a shield: true
     0 | D:1      | 0 ||| qw: God list: Okawaru
     0 | D:1      | 0 ||| qw: Allow faded altars: false
     0 | D:1      | 0 ||| qw: Do Orc after clearing Dungeon:15 true
     0 | D:1      | 0 ||| qw: Do second Lair branch before Depths: true
     0 | D:1      | 0 ||| qw: Lair rune preference: random
     0 | D:1      | 0 ||| qw: Goals: Normal
     0 | D:1      | 0 ||| PLANNING D:1-11
    11 | D:1      | Reached skill level 3 in Dodging
   179 | D:1      | Reached XP level 2. HP: 14/14 MP: 3/3
   371 | D:1      | Found a faded altar of an unknown god.
   647 | D:1      | Reached XP level 3. HP: 18/18 MP: 4/4
   734 | D:1      | 734 ||| READING scroll labelled VEURHU PUODGHUU.
   734 | D:1      | 734 ||| ENCHANTING +0 shortbow.
   735 | D:1      | 735 ||| READING scroll labelled KUYNER ZOJOOGH.
   736 | D:1      | 736 ||| READING scroll labelled UCIR WEZ GULO.
   736 | D:1      | 736 ||| IDENTIFYING murky sapphire potion
   737 | D:1      | 737 ||| READING scroll labelled KUSHUC HAGRUOC.
   738 | D:1      | 738 ||| READING scroll labelled VUTIEWKAADD.
   739 | D:1      | 739 ||| DRINKING 2 green potions.
   740 | D:1      | 740 ||| DROPPING scroll of butterflies.
   783 | D:2      | Found a broken altar of Ashenzari.
   841 | D:2      | Reached skill level 5 in Ranged Weapons
  1032 | D:2      | Reached XP level 4. HP: 22/22 MP: 5/5
  1148 | D:2      | 1148 ||| FLEEEEING.
  1149 | D:2      | 1149 ||| FLEEEEING.
  1150 | D:2      | 1150 ||| FLEEEEING.
  1151 | D:2      | 1151 ||| FLEEEEING.
  1152 | D:2      | 1152 ||| FLEEEEING.
  1158 | D:2      | HP: 1/22 [orc wizard/magic dart (9)]
  1205 | D:2      | 1205 ||| FLEEEEING.
  1214 | D:2      | 1214 ||| FLEEEEING.
  1215 | D:2      | 1215 ||| FLEEEEING.
  1737 | D:2      | 1737 ||| READING scroll of identify.
  1737 | D:2      | 1737 ||| IDENTIFYING scroll labelled BIPO MU RIRACW
  1738 | D:2      | 1738 ||| READING scroll labelled SIWE ICUXKU.
  2301 | D:3      | 2301 ||| READING 2 scrolls of identify.
  2301 | D:3      | 2301 ||| IDENTIFYING purple potion
  2302 | D:3      | 2302 ||| READING scroll of identify.
  2302 | D:3      | 2302 ||| IDENTIFYING puce potion
  2303 | D:3      | 2303 ||| READING scroll labelled ZIQ HAOCKYCK.
  2304 | D:3      | 2304 ||| DROPPING potion of attraction.
  2356 | D:4      | Noticed Duvessa
  2356 | D:4      | Noticed Dowan
  2359 | D:4      | 2359 ||| STAIRDANCE
  2406 | D:4      | 2406 ||| STAIRDANCE
  2412 | D:3      | HP: 5/23 [hound (4)]
  2413 | D:3      | 2413 ||| DRINKING potion of heal wounds.
  2419 | D:3      | Reached XP level 5. HP: 12/26 MP: 6/6
  2477 | D:4      | 2477 ||| STAIRDANCE
  2522 | D:4      | 2522 ||| STAIRDANCE
  2529 | D:4      | 2529 ||| STAIRDANCE
  2562 | D:4      | 2562 ||| STAIRDANCE
  2573 | D:4      | 2573 ||| STAIRDANCE
  2580 | D:3      | Killed Duvessa
  2581 | D:3      | Reached skill level 6 in Ranged Weapons
  2581 | D:3      | Reached XP level 6. HP: 19/30 MP: 7/7
  2585 | D:3      | HP: 7/30 [Dowan/+0 dagger (4)]
  2587 | D:3      | HP: 2/30 [Dowan/+0 dagger (6)]
  2587 | D:3      | Killed from afar by Dowan

Levels and vault maps discovered:
D:1:      amcnicky_arrival_double_pillar, layout_basic,
          shapermc_ecumenical_altar_notcrosses, minmay_misc_feat_rugged
D:2:      layout_basic, basic_altar, serial_rivers,
          chequers_serial_rivers_small_a, chequers_serial_rivers_marsh,
          chequers_serial_rivers_micro_e, chequers_serial_rivers_small_a,
          chequers_serial_rivers_micro_d, st_stairs_11, lexackson_kobold_supper
D:3:      layout_basic
D:4:      layout_rooms, lemuel_doored_altar, dreamdust_gnoll_farm, uniq_duvessa,
          uniq_ijyb

Skill      XL: |  1  2  3  4  5 |
---------------+----------------+-----
Dodging        | 3 4 5 |  5.0
Ranged Weapons | 5 6 |  6.3
Fighting       | 2 |  2.0
Stealth        | |  1.5

Action                     |  1- 3 |  4- 6 || total
---------------------------+-------+-------++-------
   Fire: Shortbow          |   104 |   119 ||   223
    Use: Scroll            |     5 |     5 ||    10
         Potion            |     1 |     1 ||     2
 Armour: Robe              |     5 |    36 ||    41
  Dodge: Dodged            |    24 |    71 ||    95

Table legend:
 A = Non-vault XP
 B = Vault XP
 C = Vault XP percentage of total XP
 D = Non-vault monster count
 E = Vault monster count
 F = Vault count percentage of total count
                 A         B        C        D         E       F
            +---------+---------+-------+---------+---------+-------
      Total |     225 |     157 |  41.1 |      70 |      12 |  14.6
            +---------+---------+-------+---------+---------+-------
        D:1 |      45 |       0 |   0.0 |      26 |       0 |   0.0
        D:2 |     103 |      15 |  12.7 |      23 |      11 |  32.4
        D:3 |      77 |     142 |  64.8 |      21 |       1 |   4.5
            +---------+---------+-------+---------+---------+-------
